AoeStats
← Elavid

Arabian Desert

518640887Analyzed
1v1 RM · 4d ago on Nov 4, 2026· 31m 44s· 2 players
Game mode
Random Map
Map size
Tiny (2 player)
Population
200
Speed
Normal
Resources
Standard
Victory
Conquest
Starting age
Dark Age
Ending age
Imperial Age
RankedLock teamsTeams togetherTeam positionsShared explorationLock speedFull tech treeHidden civsTurbo modeCheats
Victory
Defeat
🇲🇽 Vikings · Mexico
1509
+13
vs
🇺🇸 Celts · United States
1448
-13
Elavid
7:35 Loom
10:18 Feudal Age
11:34 Feudal Age
11:39 Man-at-Arms
12:04 Double-Bit Axe
12:00 Horse Collar
15:31 Fletching
16:40 Padded Archer Armor
17:24 Arson
18:43 Scale Mail Armor
21:21 Wheelbarrow
25:28 Castle Age
23:16 Town Watch
24:37 Gold Mining
26:08 Bodkin Arrow
25:34 Elite Skirmisher
26:28 Bow Saw
32:32 Hand Cart
MonoLink
6:26 Loom
9:40 Feudal Age
11:22 Double-Bit Axe
13:16 Fletching
17:23 Horse Collar
18:07 Padded Archer Armor
22:15 Castle Age
20:42 Gold Mining
22:33 Crossbowman
23:10 Bodkin Arrow
22:56 Elite Skirmisher
24:18 Bow Saw
27:31 Ballistics
27:03 Town Watch
28:42 Leather Archer Armor
28:42 Heavy Plow
Connection lost

Rejoining the realm…

Still unreachable

The connection could not be restored.

Session expired

The server has moved on; the page needs a fresh start.